 Dungeon Crawl Stone Soup version 0.31-a0-232-gb1c03b2570 (webtiles) character file.

Game seed: 6717543163119590984

40 qw the Shooter (level 3, 0/21 HPs)
             Began as a Gargoyle Hexslinger on July 7, 2023.
             Slain by a goblin
             ... wielding a +0 club
             ... led by Robin
              (2 damage)
             ... on level 2 of the Dungeon.
             The game lasted 00:00:29 (1189 turns).

qw the Shooter (Gargoyle Hexslinger)                Turns: 1189, Time: 00:00:29

Health: 0/21       AC:  8    Str: 11    XL:     3   Next: 50%
Magic:  4/4        EV: 10    Int: 13    God:
Gold:   67         SH:  0    Dex: 14    Spells: 3/4 levels left

rFire   . . .        Y - +1 sling
rCold   . . .        (no shield)
rNeg    + . .        j - +0 ring mail
rPois   inf          (no helmet)
rElec   +            (no cloak)
rCorr   .            (no gloves)
SInv    +            (no boots)
Will    .....        (no amulet)
Stlth   +            f - ring of see invisible
HPRegen 0.23/turn    (no ring)
MPRegen 0.09/turn

%: no passive effects
@: no status effects
A: sickness immunity, AC +3, negative energy resistance 1, electricity
resistance, torment resistance 1, petrification resistance
a: no special abilities


You were on level 2 of the Dungeon.
You visited 1 branch of the dungeon, and saw 2 of its levels.

You collected 67 gold pieces.


Innate Abilities, Weirdness & Mutations

You are immune to sickness and miasma.
Your stone body is resilient. (AC +3)
You are immune to poison.
You resist negative energy. (rN+)
You are resistant to electric shocks. (rElec)
You are resistant to unholy torment.
You are immune to petrification.


   Skills:
 - Level 2.0 Fighting
 + Level 3.4 Ranged Weapons
 - Level 1.5 Dodging
 - Level 1.0 Spellcasting
 - Level 2.6 Hexes


You had 3 spell levels left.
You knew the following spells:

 Your Spells              Type           Power      Damage    Failure   Level
a - Slow                  Hex            28%        N/A       22%         1

Your spell library contained the following spells:

 Spells                   Type           Power      Damage    Failure   Level
 Inner Flame              Hex/Fire       4%         N/A       75%         3
 Portal Projectile        Hex/Tloc       8%         N/A       75%         3
 Cause Fear               Hex            3%         N/A       92%         4

Inventory:

Hand Weapons
 Y - a +1 sling (weapon)
Armour
 d - a +1 hat
 j - a +0 ring mail (worn)
Jewellery
 b - an amulet of guardian spirit
 f - a ring of see invisible (left hand)
Scrolls
 a - a scroll of identify
Potions
 c - a potion of degeneration {unknown}

Dungeon Overview and Level Annotations

Branches:
Dungeon (2/15)

Altars:

Annotations:
D:2 Robin


Message History

The sling bullet closely misses the goblin.
The goblin completely misses you. The goblin hits you with a +0 club.
The goblin hits you but does no damage.
An orc wizard comes into view. It is wielding a +2 dagger of venom.
A goblin comes into view. It is wielding a +0 club.
Robin throws the goblin at you! The goblin hits you with a +0 club.
The goblin hits you but does no damage. x2
You shoot a sling bullet.
The sling bullet barely misses the goblin.
The goblin hits you but does no damage.
Robin's bangles clink loudly.
The goblin hits you but does no damage. The goblin closely misses you.
The goblin barely misses you.
You shoot a sling bullet.
The sling bullet barely misses the goblin.
The goblin barely misses you. The goblin completely misses you.
The goblin barely misses you. The goblin closely misses you.
The orc wizard casts a spell.
The orc wizard flickers and vanishes for a moment.
The goblin closely misses you.
Robin says, "We wiped out the hill dwarves - you're next!"
Robin roars a battlecry!
The goblins go into a battle-frenzy!
The goblin hits you but does no damage. x2; The goblin misses you.
The goblin hits you with a +0 club. x2
You shoot a sling bullet.
The sling bullet barely misses the goblin.
The goblin hits you with a +0 club.
A goblin comes into view. It is wielding a +0 dagger.
A goblin comes into view. It is wielding a +0 club.
The goblin barely misses you. x2; The goblin hits you but does no damage. x2
You shoot a sling bullet.
The sling bullet barely misses the goblin.
The goblin barely misses you. The goblin hits you but does no damage.
The goblin barely misses you. The goblin hits you but does no damage.
The goblin closely misses you.
You shoot a sling bullet. The sling bullet hits the goblin.
The goblin is severely wounded.
The goblin hits you but does no damage. The goblin hits you with a +0 club. x2
You die...

##.# ... ##.#. ...
##.#.# ..g. ##.#.##
..... ##.#.##%
.....###### ##.#.##.#
.....ogg..# ##.#.##.#.
.g)..oggg.# #.#.##.#%#
....ggg@g.####.#(##.#..#
.....####....##.#.##.#.)
... ###...##.#.##.#. .
##.#.##!#.##.[
##.#.##.#.##.
##.#.##.#.## ##.#.##.#.#
##.#.##.#. ##.#.##.#


You could see Robin, 2 orc wizards, a hobgoblin (strong) and 9 goblins.

Vanquished Creatures
  A dart slug (D:1)
  2 ball pythons (D:1)
  4 endoplasms (D:1)
  A giant cockroach (D:1)
  5 goblins
  6 hobgoblins
  2 quokkas (D:1)
  6 bats
  5 kobolds (D:1)
  2 rats (D:1)
34 creatures vanquished.

Notes
Turn   | Place    | Note
-------+----------+-------------------------------------------
     0 | D:1      | qw the Gargoyle Hexslinger began the quest for the Orb.
     0 | D:1      | Reached XP level 1. HP: 12/12 MP: 2/2
     0 | D:1      | 0 ||| qw: Version: 0.3-a-46-gb1f654a
     0 | D:1      | 0 ||| qw: Game counter: 2730
     0 | D:1      | 0 ||| qw: Melee chars always use a shield: true
     0 | D:1      | 0 ||| qw: God list: Okawaru
     0 | D:1      | 0 ||| qw: Allow faded altars: false
     0 | D:1      | 0 ||| qw: Do Orc after clearing Dungeon:15 true
     0 | D:1      | 0 ||| qw: Do second Lair branch before Depths: true
     0 | D:1      | 0 ||| qw: Lair rune preference: random
     0 | D:1      | 0 ||| qw: Goals: Normal
     0 | D:1      | 0 ||| PLANNING D:1-11
   172 | D:1      | Reached XP level 2. HP: 16/16 MP: 3/3
   187 | D:1      | HP: 4/16 [kobold/+0 club (2)]
   248 | D:1      | Reached skill level 3 in Ranged Weapons
   566 | D:1      | Reached XP level 3. HP: 16/21 MP: 4/4
   943 | D:1      | 943 ||| UPGRADING to +0 ring mail.
   953 | D:1      | 953 ||| DROPPING +0 robe.
   954 | D:1      | 954 ||| UPGRADING to ring of see invisible.
   955 | D:1      | 955 ||| READING 3 scrolls labelled DEUHEID IFERON.
   956 | D:1      | 956 ||| READING 3 scrolls labelled KIAH YPRIRR.
   957 | D:1      | 957 ||| READING scroll labelled PITEQI UDDIBUZ.
   958 | D:1      | 958 ||| READING scroll labelled SOKIDO BUX KAU.
   963 | D:1      | 963 ||| READING scroll labelled UJUHUTZEOL.
   964 | D:1      | 964 ||| READING 2 scrolls of identify.
   964 | D:1      | 964 ||| IDENTIFYING metallic amethyst potion
   965 | D:1      | 965 ||| DROPPING scroll of poison.
   966 | D:1      | 966 ||| DROPPING potion of lignification.
   967 | D:1      | 967 ||| DROPPING 2 scrolls of immolation.
  1039 | D:2      | 1039 ||| STAIRDANCE
  1181 | D:2      | Noticed Robin
  1187 | D:2      | HP: 5/21 [goblin/+0 club[Robin] (2)]
  1189 | D:2      | HP: 2/21 [goblin/+0 club[Robin] (4)]
  1189 | D:2      | Slain by a goblin

Levels and vault maps discovered:
D:1:      spicycebolla_arrival_ecumenical, layout_loops_cross,
          minmay_misc_feat_five, kennysheep_nondescript,
          hangedman_decor_growths, nicolae_houndstooth_variations
D:2:      minmay_inner_zag, layout_basic, basic_altar, grunt_ministairs_13,
          uniq_natasha, uniq_robin

Skill      XL: |  1  2 |
---------------+-------+-----
Ranged Weapons | 3 |  3.4
Fighting       | 2 |  2.0
Dodging        | |  1.5
Spellcasting   | |  1.0
Hexes          | |  2.6

Action                     || total
---------------------------++-------
   Fire: Sling             ||   122
    Use: Scroll            ||     6
 Armour: Robe              ||    24
         Ring mail         ||    20
  Dodge: Dodged            ||    60

Table legend:
 A = Non-vault XP
 B = Vault XP
 C = Vault XP percentage of total XP
 D = Non-vault monster count
 E = Vault monster count
 F = Vault count percentage of total count
                 A         B        C        D         E       F
            +---------+---------+-------+---------+---------+-------
      Total |      49 |       9 |  15.5 |      29 |       5 |  14.7
            +---------+---------+-------+---------+---------+-------
        D:1 |      47 |       0 |   0.0 |      27 |       0 |   0.0
        D:2 |       2 |       9 |  81.8 |       2 |       5 |  71.4
            +---------+---------+-------+---------+---------+-------
